 Dungeon Sprint DCSS version 0.22-a0-32-ga749362 (webtiles) character file.

1276 Kidiri the Thaumaturge (level 8, -1/49 HPs)
             Began as a Deep Elf Fire Elementalist on Jan 3, 2018.
             Was a Believer of Vehumet.
             Slain by Snorg (15 damage)
             ... in the Dungeon (Sprint III: "The Ten Rune Challenge").
             The game lasted 00:04:54 (1217 turns).

Kidiri the Thaumaturge (Deep Elf Fire Elementalist) Turns: 1217, Time: 00:04:54

Health: -1/49      AC:  4    Str:  5    XL:     8   Next: 29%
Magic:  13/27      EV: 13    Int: 23    God:    Vehumet [**....]
Gold:   39         SH:  0    Dex: 15    Spells: 15/34 levels left

rFire    + . .     SeeInvis .   i - +2 long sword (holy)
rCold    . . .     Gourm    .   (no shield)
rNeg     . . .     Faith    .   a - +0 robe
rPois    .         Spirit   .   (no helmet)
rElec    .         Reflect  .   o - +0 cloak
rCorr    .         Harm     .   (no gloves)
MR       .....     Clarity  +   (no boots) Stlth ++........NoTele +
                                (no amulet)
HPRegen  0.16/turn              (no ring)
MPRegen  0.20/turn              (no ring)

@: hasted, very quick
A: rugged brown scales 1, clarity, fire resistance 1, sturdy frame 1
a: Renounce Religion


You were in the Dungeon.
You worshipped Vehumet.
Vehumet was pleased with you.
You were not hungry.

You visited 1 branch You collected 39 gold pieces.

Inventory:

Hand Weapons
 i - a +2 long sword of holy wrath (weapon)
 k - a +0 dagger
 n - a +2 quarterstaff of chaos
Armour
 a - a +0 robe (worn)
 o - a +0 cloak (worn)
Wands
 j - a wand of random effects (19)
 l - a wand of polymorph (17)
Scrolls
 p - 2 scrolls of immolation
 r - 3 scrolls of remove curse
Potions
 d - 4 potions of curing
 e - a potion of heal wounds
 g - 2 potions of magic
 h - 2 potions of berserk rage
 m - 2 potions of flight
 s - a potion of resistance
 t - 2 potions of mutation
Books
 b - a book of Flames

   Spells                             Type                      Level
   a - Flame Tongue                   Conjuration/Fire             1
   b - Throw Flame                    Conjuration/Fire             2
   c - Conjure Flame                  Conjuration/Fire             3
   d - Inner Flame                    Hexes/Fire                   3
   e - Sticky Flame                   Conjuration/Fire             4
   f - Fireball                       Conjuration/Fire             5
 v - a book of Misfortune

   Spells                             Type                      Level
   a - Confusing Touch                Hexes                        1
   b - Confuse                        Hexes                        3
   c - Gell's Gravitas                Translocation                3
   d - Petrify                        Transmutation/Earth          4
   e - Metabolic Englaciation         Hexes/Ice                    5
   f - Yara's Violent Unravelling     Hexes/Transmutation          5
Comestibles
 c - 3 rations


   Skills:
 + Level 4.1 Fighting
 + Level 4.9 Short Blades
 - Level 4.8 Throwing
 + Level 4.0 Armour
 + Level 2.4 Dodging
 - Level 2.4 Stealth
 * Level 13.7 Spellcasting
 + Level 8.3 Conjurations
 + Level 8.9 Fire Magic
 + Level 2.3 Air Magic


You had 15 spell levels left.
You knew the following spells:

 Your Spells              Type           Power        Failure   Level  Hunger
a - Flame Tongue          Conj/Fire      #####        1%          1    None
b - Throw Flame           Conj/Fire      ######       1%          2    None
c - Conjure Flame         Conj/Fire      ######..     1%          3    None
d - Inner Flame           Hex/Fire       #####...     1%          3    None
e - Sticky Flame          Conj/Fire      ######..     1%          4    None
f - Fireball              Conj/Fire      ######....   3%          5    ###....
g - Shock                 Conj/Air       ####         1%          1    None


Dungeon Overview and Level Annotations

Branches:
Dungeon (1/1)

Altars:
Cheibriados
Dithmenos
Elyvilon
Fedhas
Gozag
Hepliaklqana
Kikubaaqudgha
Makhleb
Nemelex Xobeh
Okawaru
Qazlal
Ru
Sif Muna
Trog
Uskayaw
Vehumet
Wu Jian
Xom
Yredelemnul
Zin
The Shining One
Beogh
Jiyva
Lugonu

Annotations:
D exclusion: door, Snorg


Innate Abilities, Weirdness & Mutations

You are partially covered in rugged brown scales. (AC +1, +3% HP)
You possess an exceptional clarity of mind.
Your flesh is heat resistant. (rF+)
Your movements are slightly less encumbered by armour. (ER -2)


Message History

The fireball explodes!
The fireball engulfs Snorg.
Snorg is moderately wounded.
Snorg goes berserk!
Unknown command.
Casting: Fireball
Confirm with . or Enter, or press ? or * to list all spells.
Aiming: Fireball
Press: ? - help, Shift-Dir - straight line, f/p - Snorg
Aim: Snorg (black smoke, moderately wounded, berserk, fast, unusually strong)
The fireball explodes!
The fireball engulfs Snorg.
Snorg is heavily wounded.
Snorg is engulfed in a cloud of scalding steam.
Snorg misses you.
You riposte.
You hit Snorg.
Snorg is heavily wounded.
Snorg claws you!! Snorg claws you.
Unknown command.
You feel yourself speed up. Snorg bites you!
* * * LOW HITPOINT WARNING * * *
Snorg claws you!
You die...

♣.#___#___#__#
♣♣.#...#__.#)_#
♣♣..###+#+###+##
.♣..#..........#
....'.⌠........#
≈♣..#...######'#
....#.⌠.#__#...#+#####
....#...#__#...#.T§≈§+
....#+###__#...#@#§§§#
....#..[#__#...'.#§§§#
....#___#__+...#.#.§.#
▓▓▓▓▓▓▓▓▓▓▓▓▓▓▓▓▓▓▓▓▓▓


You could see Snorg (berserk).

Vanquished Creatures
  A deep elf mage (D)
  A shadow (D)
  A spatial vortex (D)
  A necrophage (D)
  A water elemental (D)
  Crazy Yiuf (D)
  A jelly (D)
  A wizard (D)
  Jessica (D)
  A necromancer (D)
  3 humans (D)
  A kobold demonologist (D)
  2 oozes (D)
  A rat (D)
17 creatures vanquished.

Vanquished Creatures (others)
  2 draconian scorchers (D)
  A hydra (D)
  A yaktaur (D)
  6 hellions (D)
  3 plants (D)
13 creatures vanquished.

Grand Total: 30 creatures vanquished

Notes
Turn   | Place    | Note
-------+----------+-------------------------------------------
     0 | D        | Kidiri the Deep Elf Fire Elementalist began the quest for the Orb.
     0 | D        | Reached XP level 1. HP: 10/10 MP: 6/6
     5 | D        | Reached skill level 4 in Spellcasting
    55 | D        | Reached XP level 2. HP: 15/15 MP: 4/9
    59 | D        | Learned a level 2 spell: Throw Flame
   103 | D        | Noticed Jessica
   104 | D        | Killed Jessica
   104 | D        | Reached skill level 6 in Spellcasting
   104 | D        | Reached XP level 3. HP: 19/19 MP: 9/13
   105 | D        | Killed a hellion
   109 | D        | Learned a level 3 spell: Conjure Flame
   113 | D        | Learned a level 3 spell: Inner Flame
   124 | D        | Killed a hellion
   126 | D        | Killed a hellion
   142 | D        | Killed a hellion
   145 | D        | Killed a white draconian scorcher
   151 | D        | Killed a yaktaur
   160 | D        | Noticed Crazy Yiuf
   167 | D        | Killed Crazy Yiuf
   167 | D        | Reached skill level 7 in Spellcasting
   167 | D        | Reached skill level 5 in Fire Magic
   187 | D        | Killed a hellion
   199 | D        | Gained mutation: You are partially covered in rugged brown scales. (AC +1, +3% HP) [potion of mutation]
   199 | D        | Gained mutation: You have an increased reservoir of magic. (+10% MP) [potion of mutation]
   200 | D        | Lost mutation: You have an increased reservoir of magic. (+10% MP) [potion of mutation]
   200 | D        | Gained mutation: You possess an exceptional clarity of mind. [potion of mutation]
   200 | D        | Gained mutation: Your flesh is heat resistant. (rF+) [potion of mutation]
   200 | D        | Gained mutation: Your movements are slightly less encumbered by armour. (ER -2) [potion of mutation]
   203 | D        | Killed a white draconian scorcher
   453 | D        | Killed a hellion
   454 | D        | Reached skill level 8 in Spellcasting
   454 | D        | Reached XP level 4. HP: 24/24 MP: 11/16
   460 | D        | Learned a level 4 spell: Sticky Flame
   484 | D        | Noticed a water elemental
   488 | D        | Killed a water elemental
   488 | D        | Reached skill level 9 in Spellcasting
   488 | D        | Reached skill level 5 in Conjurations
   488 | D        | Reached XP level 5. HP: 28/28 MP: 12/19
   503 | D        | Learned a level 5 spell: Fireball
   529 | D        | Found a radiant altar of Vehumet.
   530 | D        | Found a deep blue altar of Sif Muna.
   530 | D        | Found an ancient bone altar of Kikubaaqudgha.
   532 | D        | Reached skill level 10 in Spellcasting
   552 | D        | Became a worshipper of Vehumet
   597 | D        | Found an ornate altar of the Wu Jian Council.
   597 | D        | Found a roughly hewn altar of Beogh.
   597 | D        | Found an iron altar of Okawaru.
   597 | D        | Found a bloodstained altar of Trog.
   597 | D        | Found a hide-covered altar of Uskayaw.
   597 | D        | Noticed a human
   597 | D        | Noticed a human
   601 | D        | Killed a human
   601 | D        | Reached skill level 1 in Fighting
   601 | D        | Reached skill level 1 in Armour
   601 | D        | Reached skill level 11 in Spellcasting
   601 | D        | Reached XP level 6. HP: 36/36 MP: 6/22
   603 | D        | Killed a human
   603 | D        | Reached skill level 12 in Spellcasting
   706 | D        | Killed a seven-headed hydra
   732 | D        | Found a basalt altar of Yredelemnul.
   732 | D        | Found a shadowy altar of Dithmenos.
   732 | D        | Found a sacrificial altar of Ru.
   737 | D        | Reached * piety under Vehumet
   737 | D        | Offered knowledge of Magic Dart by Vehumet.
   749 | D        | Reached XP level 7. HP: 41/41 MP: 8/24
   835 | D        | Noticed a shadow
   842 | D        | Killed a shadow
   845 | D        | Reached ** piety under Vehumet
   845 | D        | Offered knowledge of Shock by Vehumet.
   845 | D        | Reached skill level 13 in Spellcasting
   856 | D        | Learned a level 1 spell: Shock
   908 | D        | Found a blossoming altar of Fedhas.
   908 | D        | Found a stormy altar of Qazlal.
   909 | D        | Found a snail-covered altar of Cheibriados.
   909 | D        | Found a burning altar of Makhleb.
   909 | D        | Found a hazy altar of Hepliaklqana.
   909 | D        | Found a shimmering altar of Xom.
   909 | D        | Found an opulent altar of Gozag.
   909 | D        | Found a sparkling altar of Nemelex Xobeh.
   909 | D        | Found a corrupted altar of Lugonu.
   909 | D        | Found a viscous altar of Jiyva.
   909 | D        | Noticed a spatial vortex
   926 | D        | Killed a spatial vortex
  1015 | D        | Found a glowing silver altar of Zin.
  1016 | D        | Found a glowing golden altar of the Shining One.
  1016 | D        | Found a white marble altar of Elyvilon.
  1016 | D        | Noticed a deep elf mage
  1019 | D        | Noticed a fire elemental
  1019 | D        | Noticed a fire elemental
  1026 | D        | Killed a deep elf mage
  1026 | D        | Reached XP level 8. HP: 23/49 MP: 25/27
  1213 | D        | Noticed Snorg
  1217 | D        | Slain by Snorg

Vault maps used:
D:        dungeon_sprint_mu

Skill      XL: |  1  2  3  4  5  6  7 |
---------------+----------------------+-----
Spellcasting   | 4 6 8 9 11 12 13 | 13.7
Conjurations   | 2 3 4 5 6 7 8 |  8.3
Fire Magic     | 4 5 6 7 8 |  8.9
Fighting       | 1 2 4 |  4.1
Short Blades   | 2 3 4 |  4.9
Throwing       | 2 3 4 |  4.8
Armour         | 1 2 4 |  4.0
Air Magic      | 2 |  2.3
Dodging        | |  2.4
Stealth        | |  2.4

Action                   |  1- 3 |  4- 6 |  7- 9 || total
-------------------------+-------+-------+-------++-------
 Cast: Flame Tongue      |    15 |    19 |    25 ||    59
       Throw Flame       |     2 |       |     2 ||     4
       Conjure Flame     |       |     3 |     1 ||     4
       Sticky Flame      |       |     2 |     1 ||     3
       Fireball          |       |     2 |     3 ||     5
  Use: Scroll            |     3 |       |     1 ||     4
       Potion            |     2 |       |     1 ||     3
  Eat: Ration            |       |       |     1 ||     1
Armor: Robe              |     1 |       |       ||     1
Dodge: Dodged            |       |     1 |     1 ||     2
       Rpst.: Long sword |       |       |     1 ||     1

Table legend:
 A = Spawn XP
 B = Non-spawn XP
 C = Spawn XP percentage of total XP
 D = Spawn monster count
 E = Non-spawn monster count
 F = Spawn count percentage of total count
 G = Total turns spent on level
                    A         B        C        D         E        F      G
               +---------+---------+-------+---------+---------+-------+---------
         Total |       0 |    1824 |   0.0 |       0 |      17 |   0.0 |  1217
               +---------+---------+-------+---------+---------+-------+---------
             D |       0 |    1824 |   0.0 |       0 |      17 |   0.0 |  1217
               +---------+---------+-------+---------+---------+-------+---------
